 Dungeon Crawl Stone Soup version 0.24-a0-789-g35933f4585 (webtiles) character file.

Game seed: 11637426109854781847, levelgen mode: deterministic

75 ThingDCSS the Insei (level 4, -2/33 HPs)
             Began as a Demonspawn Transmuter on Oct 10, 2019.
             Slain by Grinder (6 damage)
             ... on level 3 of the Dungeon.
             The game lasted 00:17:19 (1659 turns).

ThingDCSS the Insei (Demonspawn Transmuter)         Turns: 1659, Time: 00:17:20

Health: -2/33      AC:  5    Str: 11    XL:     4   Next: 11%
Magic:  0/7        EV: 12    Int: 14    God:
Gold:   110        SH:  0    Dex: 14    Spells: 4/7 levels left

rFire    + . .     SeeInvis .     - Unarmed
rCold    . . .     Gourm    .   (no shield)
rNeg     . . .     Faith    .   b - +0 robe
rPois    .         Spirit   .   n - +1 helmet
rElec    .         Reflect  .   o - +0 cloak
rCorr    .         Harm     .   (no gloves)
MR       .....                  (no boots)
Stlth    +.........             (no amulet)
HPRegen  0.11/turn              f - ring of protection from fire
MPRegen  0.10/turn              (no ring)

@: hasted, very quick
A: talons 1, powered by pain 1
a: no special abilities


You were on level 3 of the Dungeon.
You were not hungry.

You visited 1 branch of the dungeon, and saw 3 of its levels.

You collected 110 gold pieces.

Inventory:

Hand Weapons
 a - a +0 hunting sling
Missiles
 i - 25 sling bullets
 l - an arrow (quivered)
Armour
 b - a +0 robe (worn)
 n - a +1 helmet (worn)
 o - a +0 cloak (worn)
Jewellery
 f - a ring of protection from fire (left hand)
Wands
 q - a wand of iceblast (12)
Scrolls
 c - a scroll of teleportation {unknown}
 e - 2 scrolls of immolation {unknown}
 k - 2 scrolls of identify {unknown}
Potions
 g - a potion of haste
 h - 2 potions of berserk rage {unknown}
 j - a potion of brilliance {unknown}
 m - a potion of invisibility {unknown}
Comestibles
 d - 4 rations
 p - a chunk of flesh


   Skills:
 - Level 2.0 Fighting
 - Level 2.1 Dodging
 + Level 3.5 Unarmed Combat
 - Level 2.0 Spellcasting
 + Level 2.5 Transmutations


You had 4 spell levels left.
You knew the following spells:

 Your Spells              Type           Power        Failure   Level  Hunger
a - Beastly Appendage     Tmut           #.....       9%          1    ##.....
b - Sticks to Snakes      Tmut           #.......     13%         2    ###....

Your spell library contained the following spells:

 Spells                   Type           Power        Failure   Level  Hunger
 Spider Form              Tmut/Pois      #.........   38%         3    ####...
 Ice Form                 Ice/Tmut       #.......     80%         4    #####..
 Blade Hands              Tmut           #.........   93%         5    ######.


Dungeon Overview and Level Annotations

Branches:
Dungeon (3/15)

Altars:
The Shining One

Annotations:
D:2 Sigmund
D:3 Grinder


Innate Abilities, Weirdness & Mutations

You have sharp toenails.
You sometimes gain a little power by taking damage.


Message History

Grinder gestures at you.
You shrug off the repeated paralysis!
You can move again.
Casting: Sticks to Snakes (safe; 13% risk of failure)
Confirm with . or Enter, or press ? or * to list all spells.
You create a snake!
You now have 1 arrow.
You barely miss Grinder.
Grinder is heavily wounded.
Grinder gestures at you.
You shrug off the repeated paralysis!
You hit Grinder but do no damage. You claw Grinder.
Grinder is severely wounded.
Your ball python bites Grinder but does no damage.
Your ball python grabs Grinder.
Your ball python constricts Grinder.
You barely miss Grinder.
Grinder is severely wounded.
Grinder hits you!
* * * LOW HITPOINT WARNING * * *
You writhe in agony.
You die...

........###)######..
#..#.# #.######## #.
#..#.# ##.#.).# #. #....#
##....#<#
#.##.#..##.###.#...# #
#..#...... ###..## ##
####.....S.#######....###.
+?........5.........÷..÷'.
.#...##@#######.)....)#.
#......# #.......##
#.#.#### #.......## ..#
##.....### #.# ##.......
#. #)##.### # #.##.#
#.##.### #.......


You could see Grinder and a friendly ball python.

Vanquished Creatures
  2 adders (D:2)
  A worm (D:3)
  2 dart slugs
  2 leopard geckos
  A ball python (D:1)
  A giant cockroach (D:1)
  8 goblins
  6 hobgoblins
  A jackal (D:3)
  A quokka (D:2)
  3 bats
  2 kobolds
  5 rats
35 creatures vanquished.

Vanquished Creatures (collateral kills)
  Robin (D:3)
  4 goblins (D:3)
  A hobgoblin (D:3)
  A rat (D:3)
7 creatures vanquished.

Grand Total: 42 creatures vanquished

Notes
Turn   | Place    | Note
-------+----------+-------------------------------------------
     0 | D:1      | ThingDCSS the Demonspawn Transmuter began the quest for the
                  | Orb.
     0 | D:1      | Reached XP level 1. HP: 15/15 MP: 3/3
   305 | D:1      | Reached skill level 3 in Unarmed Combat
   501 | D:1      | Gained mutation: You have sharp toenails. [demonic
                  | ancestry]
   501 | D:1      | Reached XP level 2. HP: 21/21 MP: 5/5
   627 | D:2      | Noticed Sigmund
   708 | D:1      | Learned a level 2 spell: Sticks to Snakes
   760 | D:2      | Found a glowing golden altar of the Shining One.
   888 | D:2      | Gained mutation: You sometimes gain a little power by
                  | taking damage. [demonic ancestry]
   888 | D:2      | Reached XP level 3. HP: 23/26 MP: 4/6
  1320 | D:3      | Noticed Robin
  1479 | D:3      | Killed Robin
  1483 | D:3      | Reached XP level 4. HP: 26/33 MP: 1/7
  1612 | D:3      | Noticed Grinder
  1650 | D:3      | Paralysed by Grinder for 5 turns
  1659 | D:3      | Slain by Grinder

Levels and vault maps discovered:
D:1:      mushboom_english_gardens, layout_loops_cross
D:2:      layout_loops_ring, tso_altar, uniq_crazy_yiuf_cottage, uniq_sigmund
D:3:      layout_loops_corners, gammafunk_temple_overflow_arena,
          nicolae_overflow_crystal_walls, grunt_qazlal_clouds, uniq_ijyb,
          uniq_robin, uniq_grinder

Skill      XL: |  1  2  3  4 |
---------------+-------------+-----
Unarmed Combat | 3 |  3.5
Transmutations | 2 |  2.5
Dodging        | 2 |  2.1
Fighting       | 2 |  2.0
Spellcasting   | |  2.0

Action                   |  1- 3 |  4- 6 || total
-------------------------+-------+-------++-------
Melee: Unarmed           |   102 |    21 ||   123
       Headbutt          |     5 |       ||     5
       Punch             |     1 |       ||     1
       Kick              |    13 |     6 ||    19
 Fire: Hunting sling     |     8 |       ||     8
 Cast: Beastly Appendage |     8 |       ||     8
       Sticks to Snakes  |     6 |     5 ||    11
  Use: Potion            |       |     1 ||     1
 Stab: Sleeping          |     1 |       ||     1
  Eat: Chunk             |     2 |     1 ||     3
Armor: Robe              |    19 |     4 ||    23
Dodge: Dodged            |    57 |     6 ||    63

Table legend:
 A = Non-vault XP
 B = Vault XP
 C = Vault XP percentage of total XP
 D = Non-vault monster count
 E = Vault monster count
 F = Vault count percentage of total count
                 A         B        C        D         E       F
            +---------+---------+-------+---------+---------+-------
      Total |      85 |      23 |  21.3 |      32 |      10 |  23.8
            +---------+---------+-------+---------+---------+-------
        D:1 |      22 |       0 |   0.0 |      13 |       0 |   0.0
        D:2 |      42 |       0 |   0.0 |       9 |       0 |   0.0
        D:3 |      21 |      23 |  52.3 |      10 |      10 |  50.0
            +---------+---------+-------+---------+---------+-------
